 Dungeon Crawl Stone Soup version 0.18.1-48-g4cf74bf (webtiles) character file.

13013 Gadfly the Blocker (level 12, -6/144 HPs)
             Began as a Formicid Fighter on July 23, 2016.
             Was a High Priest of Okawaru.
             Mangled by an eight-headed hydra (10 damage)
             ... on level 3 of the Lair of Beasts.
             The game lasted 00:40:32 (14246 turns).

Gadfly the Blocker (Formicid Fighter)              Turns: 14246, Time: 00:40:33

Health: -6/144     AC: 26    Str: 22    XL:     12   Next: 27%
Magic:  17/17      EV:  2    Int:  2    God:    Okawaru [*****.]
Gold:   853        SH:  0    Dex: 17    Spells: 0 memorised, 11 levels left

rFire  + + .     SeeInvis .     G - +3 great sword (drain)
rCold  . . .     Gourm    .     (armour currently unavailable)
rNeg   + + +     Faith    .     c - +0 shield
rPois  +         Spirit   .     (helmet unavailable)
rElec  +         Dismiss  .     (cloak currently unavailable)
rCorr  .         Reflect  .     (gloves currently unavailable)
SustAt .         Harm     .     (boots currently unavailable)
MR     +....                    U - amulet of Peace {+Rage rElec rF+ Int-4 Dex+3}
Stlth  ++........               (no ring)
                                n - ring of protection from fire

@: confused, tree-form, heroism, finesse, somewhat resistant to hostile
enchantments, unstealthy
A: permanent stasis, dig shafts and tunnels, four strong arms, (antennae 0),
rugged brown scales 1, dopey 1, regeneration 1
a: Heroism, Finesse, Renounce Religion


You were on level 3 of the Lair of Beasts.
You worshipped Okawaru.
Okawaru was extremely pleased with you.
You were not hungry.
You were a tree.
You visited 3 branches of the dungeon, and saw 14 of its levels.
You also visited: Labyrinth.

You collected 853 gold pieces.

Inventory:

Hand Weapons
 q - a +3 scimitar of holy wrath
 G - a +3 great sword of draining (weapon)
Missiles
 e - 8 tomahawks
 h - 408 stones (quivered)
Armour
 b - a +1 pair of gloves (melded)
 c - a +0 shield (worn)
 m - a +0 pair of boots (melded)
 o - a +0 plate armour (melded)
Rods
 Q - a +1 rod of ignition (12/12)
   (You found it in a labyrinth)
Jewellery
 k - an uncursed ring of positive energy
 n - a ring of protection from fire (left branch)
 w - an uncursed amulet of guardian spirit
 C - an uncursed ring of protection from cold
 J - an uncursed ring of sustain attributes {unknown}
 N - an uncursed ring of protection from fire
 O - an uncursed ring of protection from fire
 U - the amulet of Peace (around neck) {+Rage rElec rF+ Int-4 Dex+3}
   (You found it in a labyrinth)

   [amulet of rage]

   It affects your intelligence (-4).
   It affects your dexterity (+3).
   It protects you from fire.
   It insulates you from electricity.
   It lets you go berserk.
Wands
 p - a wand of lightning (5/15)
 r - a wand of teleportation (5/9)
 t - a wand of acid (6/15)
 u - a wand of lightning (7/15)
 x - a wand of disintegration (5/24)
 y - a wand of flame (26/48)
 E - a wand of slowing (24/48)
 F - a wand of enslavement (12/24)
 K - a wand of lightning (6/15)
 S - a wand of digging (13/24)
 V - a wand of random effects (18/48)
Scrolls
 i - a scroll of identify
 s - 5 scrolls of remove curse
 v - 2 scrolls of magic mapping
 D - 2 scrolls of enchant weapon
Potions
 d - a potion of might
 g - 3 potions of curing
 A - 5 potions of flight
 H - a potion of agility
 I - a potion of lignification
Books
 M - a book of Clouds

   Spells                             Type                      Level
   a - Mephitic Cloud                 Conjuration/Poison/Air       3
   b - Conjure Flame                  Conjuration/Fire             3
   c - Poisonous Cloud                Conjuration/Poison/Air       6
   d - Freezing Cloud                 Conjuration/Ice/Air          6
   e - Ring of Flames                 Charms/Fire                  7
 T - a book of Callings

   Spells                             Type                      Level
   a - Summon Small Mammal            Summoning                    1
   b - Call Imp                       Summoning                    2
   c - Call Canine Familiar           Summoning                    3
   d - Summon Guardian Golem          Hexes/Summoning              3
   e - Summon Lightning Spire         Summoning/Air                4
   f - Summon Ice Beast               Ice/Summoning                4
Miscellaneous
 B - a phantom mirror
Comestibles
 a - 40 fruits
 f - 5 bread rations
 j - 3 meat rations
 l - 2 beef jerkies
 W - 4 chunks of flesh


   Skills:
 + Level 8.6(13.6) Fighting
 + Level 9.4(14.4) Long Blades
 * Level 8.1(13.1) Throwing
 + Level 8.6(13.6) Armour
 + Level 2.9(7.9) Dodging
 + Level 10.1(15.1) Shields
 + Level 6.7 Invocations


You had 11 spell levels left.
You didn't know any spells.

Dungeon Overview and Level Annotations

Branches:
Dungeon (10/15)            Temple (1/1) D:6            Lair (3/8) D:10
    Orc (0/2) D:10
  Swamp: Lair:3-6    Shoals: Lair:3-6     Snake: Lair:3-6    Spider: Lair:3-6

Altars:
Ashenzari
Cheibriados
Dithmenos
Elyvilon
Fedhas
Gozag
Kikubaaqudgha
Makhleb
Nemelex Xobeh
Okawaru
Pakellas
Qazlal
Ru
Sif Muna
Trog
Vehumet
Xom
Yredelemnul
Zin
The Shining One

Shops:
D:9 (   D:10 [


Innate Abilities, Weirdness & Mutations

You are under a permanent stasis effect.
You can dig through walls and to a lower floor.
Your four strong arms can wield two-handed weapons with a shield.
((You have a pair of large antennae on your head (SInv).))
(You are partially covered in rugged brown scales (AC +1, +3% HP).)
You are dopey. (Int -2)
Your natural rate of healing is unusually fast.


Message History

You are too injured to fight recklessly!
The elephant barely misses you.
The elephant trunk-slaps you but does no damage.
The elephant tramples you!
* * * LOW HITPOINT WARNING * * *
The elephant trunk-slaps you but does no damage.
The eight-headed hydra bites you but does no damage.
The eight-headed hydra bites you.
* * * LOW HITPOINT WARNING * * *
The eight-headed hydra bites you but does no damage. x6
The elephant completely misses you.
The elephant trunk-slaps you but does no damage.
The elephant tramples you but does no damage.
The elephant trunk-slaps you but does no damage.
The elephant tramples you.
* * * LOW HITPOINT WARNING * * *
The elephant trunk-slaps you but does no damage.
The eight-headed hydra bites you but does no damage. x2
The eight-headed hydra bites you!
You die...

### ###.# ....
##.###.P.# #....
.........#### #.....
###..#....#.######....?#
.....#.................
......................
.....#........rrrl#
.........=...NrDYY#
..........###rYY♣##
.......r#.....r#Y#
.#.....r#......#.#
........#.........
#.##.......#.#+#.##
###...............
##.............##
.......... ..#
.......$..


You could see an eight-headed hydra, 5 elephants, a basilisk, a naga and 6 river
rats.

Vanquished Creatures
  The ghost of phenominorm the Grappler, a journeyman TrMo of Okawaru (Lair:1)
  A minotaur (Lab)
  Erolcha (D:9)
  The ghost of Implojin the Cleaver, a novice MiFi of Okawaru (D:10)
  5 elephants
  A spiny frog (Lair:2)
  2 two-headed ogres
  Grinder (D:4)
  11 yaks
  A basilisk (Lair:2)
  4 hungry ghosts
  A hippogriff (Lair:2)
  Edmund (D:4)
  6 water moccasins
  3 porcupines
  Duvessa (D:4)
  4 ice beasts
  An orc warrior (D:8)
  A phantom (D:10)
  2 black bears
  4 ogres
  5 centaurs
  5 crocodiles
  2 big kobolds
  6 giant frogs
  A wyvern zombie (D:8)
  A gnoll sergeant (D:8)
  Dowan (D:4)
  2 scorpions
  A water moccasin zombie (D:8)
  4 howler monkeys
  An electric eel (Lair:2)
  2 crimson imps
  A quasit (D:10)
  2 giant frog zombies
  2 hounds
  8 orc priests
  A centaur skeleton (D:9)
  4 jellies
  A giant frog skeleton (D:4)
  A gnoll shaman (D:8)
  5 iguanas
  3 orc wizards
  A worker ant (D:10)
  A hound skeleton (D:8)
  2 howler monkey skeletons
  10 gnolls (D:8)
  8 adders
  14 river rats
  2 shadow imps
  An adder zombie (D:6)
  2 adder skeletons
  A worm (D:2)
  3 dart slugs
  8 giant geckos
  25 orcs
  3 giant cockroaches
  6 hobgoblins
  13 jackals
  6 quokkas
  4 ball pythons
  9 bats
  6 giant newts
  4 goblins
  17 kobolds
  A quokka skeleton (D:7)
  11 rats
270 creatures vanquished.

Vanquished Creatures (others)
  A scorpion (D:6)
  A howler monkey (D:6)
  An orc wizard (D:6)
  An orc (D:6)
4 creatures vanquished.

Grand Total: 274 creatures vanquished

Notes
Turn   | Place    | Note
--------------------------------------------------------------
     0 | D:1      | Gadfly the Formicid Fighter began the quest for the Orb.
     0 | D:1      | Reached XP level 1. HP: 18/18 MP: 1/1
   271 | D:1      | Reached XP level 2. HP: 24/24 MP: 2/2
   868 | D:2      | Reached XP level 3. HP: 29/29 MP: 3/3
   878 | D:2      | Reached skill level 4 in Shields
  1068 | D:2      | Found a shadowy altar of Dithmenos.
  1253 | D:2      | Found a deep blue altar of Sif Muna.
  1272 | D:2      | Reached XP level 4. HP: 31/35 MP: 4/4
  1316 | D:2      | Reached skill level 1 in Throwing
  2225 | D:3      | Reached XP level 5. HP: 30/42 MP: 5/5
  2236 | D:3      | Reached skill level 1 in Dodging
  3019 | D:3      | Reached XP level 6. HP: 48/48 MP: 6/6
  3154 | D:4      | Noticed Dowan
  3155 | D:4      | Noticed Duvessa
  3174 | D:4      | Killed Dowan
  3205 | D:4      | Killed Duvessa
  3442 | D:4      | Noticed Grinder
  3456 | D:4      | Killed Grinder
  3456 | D:4      | Reached skill level 5 in Shields
  3456 | D:4      | Reached XP level 7. HP: 47/55 MP: 7/7
  3807 | D:4      | Noticed Edmund
  3840 | D:4      | Killed Edmund
  3840 | D:4      | Reached XP level 8. HP: 61/61 MP: 8/8
  4255 | D:5      | Entered Level 5 of the Dungeon
  4403 | D:5      | Found a radiant altar of Vehumet.
  4479 | D:5      | Reached skill level 5 in Fighting
  4479 | D:5      | Reached skill level 5 in Armour
  4479 | D:5      | Reached skill level 6 in Shields
  4721 | D:6      | Reached skill level 5 in Long Blades
  4739 | D:6      | Reached XP level 9. HP: 61/68 MP: 9/9
  5124 | D:6      | Reached skill level 7 in Shields
  5137 | D:6      | Found a staircase to the Ecumenical Temple.
  5170 | Temple   | Entered the Ecumenical Temple
  5251 | Temple   | Became a worshipper of Warmaster Okawaru
  5275 | D:6      | Found a shimmering altar of Xom.
  6126 | D:7      | Reached skill level 5 in Throwing
  6467 | D:7      | Found a bloodstained altar of Trog.
  6470 | D:7      | Found a blossoming altar of Fedhas.
  6480 | D:7      | Found an oddly glowing altar of Pakellas.
  6802 | D:8      | Reached * piety under Okawaru
  6809 | D:8      | Paralysed by fainting for 7 turns
  7093 | D:8      | Reached XP level 10. HP: 70/76 MP: 10/10
  7133 | D:8      | Reached skill level 1 in Invocations
  7275 | D:8      | Reached ** piety under Okawaru
  7424 | D:8      | Reached skill level 8 in Shields
  7953 | D:9      | Found a sparkling altar of Nemelex Xobeh.
  7994 | D:9      | Found Womyh's Weapon Emporium.
  7995 | D:9      | Noticed Erolcha
  8004 | D:9      | Killed Erolcha
  8532 | D:9      | Reached *** piety under Okawaru
  8765 | D:10     | Entered Level 10 of the Dungeon
  8858 | D:10     | Found a staircase to the Lair.
  8858 | D:10     | Noticed an elephant
  8880 | D:10     | Killed an elephant
  8917 | D:10     | Received a gift from Okawaru
  8917 | D:10     | Reached XP level 11. HP: 38/84 MP: 8/14
  9346 | D:10     | Found a staircase to the Orcish Mines.
  9388 | D:10     | Reached skill level 9 in Shields
  9397 | D:10     | Found Deur's Armour Shop.
  9410 | D:10     | Found a shadowy altar of Dithmenos.
  9586 | D:10     | Noticed Implojin's ghost (novice MiFi)
  9611 | D:10     | Killed Implojin's ghost
  9959 | D:10     | Reached **** piety under Okawaru
 10151 | Lair:1   | Entered Level 1 of the Lair of Beasts
 10168 | Lair:1   | Gained mutation: You are dopey. (Int -2) [potion of mutation]
 10168 | Lair:1   | Gained mutation: You are partially covered in rugged brown scales (AC +1, +3% HP). [potion of mutation]
 10168 | Lair:1   | Gained mutation: Your natural rate of healing is unusually fast. [potion of mutation]
 10379 | Lair:1   | Reached skill level 5 in Invocations
 10461 | Lair:1   | Noticed phenominorm's ghost (journeyman TrMo)
 10480 | Lair:1   | Killed phenominorm's ghost
 10580 | Lair:1   | Reached ***** piety under Okawaru
 11287 | Lair:2   | Received a gift from Okawaru
 11472 | Lair:2   | Noticed an elephant
 11474 | Lair:2   | Noticed an elephant
 11475 | Lair:2   | Noticed an elephant
 11496 | Lair:2   | Killed an elephant
 11508 | Lair:2   | Killed an elephant
 11508 | Lair:2   | Received a gift from Okawaru
 11517 | Lair:2   | Killed an elephant
 11655 | Lair:2   | Found a labyrinth entrance.
 11664 | Lab      | Entered a labyrinth
 13356 | Lab      | Noticed a minotaur
 13372 | Lab      | Killed a minotaur
 13372 | Lab      | Received a gift from Okawaru
 13372 | Lab      | Reached XP level 12. HP: 48/96 MP: 9/17
 13386 | Lab      | Got a steaming iron amulet
 13446 | Lair:2   | Identified a +1 rod of ignition (12/12) (You found it in a labyrinth)
 13506 | Lair:2   | Reached skill level 10 in Shields
 14159 | Lair:3   | Identified the amulet of Peace {+Rage rElec rF+ Int-4 Dex+3} (You found it in a labyrinth)
 14211 | Lair:3   | Noticed a six-headed hydra
 14244 | Lair:3   | HP: 7/144 [elephant (4)]
 14245 | Lair:3   | HP: 3/144 [elephant (7)]
 14246 | Lair:3   | Mangled by an eight-headed hydra

Skill      XL: |  1  2  3  4  5  6  7  8  9 10 11 12 |
---------------+-------------------------------------+-----
Shields        | 4 5 6 7 8 9 10 | 10.1
Throwing       | 1 2 3 4 5 7 8 |  8.1
Dodging        | 1 2 |  2.9
Long Blades    | 3 4 5 6 7 9 |  9.4
Fighting       | 4 5 6 7 8 |  8.6
Armour         | 4 5 6 7 8 |  8.6
Invocations    | 4 6 |  6.7

Action                   |  1- 3 |  4- 6 |  7- 9 | 10-12 || total
-------------------------+-------+-------+-------+-------++-------
Melee: Long sword        |   108 |    65 |       |       ||   173
       Scimitar          |       |   107 |   265 |   524 ||   896
       Great sword       |       |       |       |    58 ||    58
Throw: Stone             |     5 |     9 |    13 |    22 ||    49
       Tomahawk          |       |       |       |     4 ||     4
Invok: Heroism           |       |       |       |     5 ||     5
       Finesse           |       |       |       |     1 ||     1
 Abil: Dig               |       |       |       |    22 ||    22
Evoke: Wand              |       |       |       |     4 ||     4
  Use: Scroll            |     3 |     3 |    12 |     6 ||    24
       Potion            |     1 |     2 |     6 |     7 ||    16
  Eat: Chunk             |     1 |     7 |    11 |    22 ||    41
       Royal jelly       |       |       |     1 |       ||     1
       Pizza             |       |       |     1 |       ||     1
       Beef jerky        |       |       |     1 |       ||     1
       Meat ration       |       |       |       |     1 ||     1
Armor: Scale mail        |    42 |    21 |       |       ||    63
       Plate armour      |       |    64 |   149 |   265 ||   478
       Skin              |       |       |     8 |    33 ||    41
Dodge: Dodged            |    44 |    35 |    49 |   167 ||   295
Block: Shield            |    62 |    85 |   135 |   352 ||   634
